 Dungeon Crawl Stone Soup version 0.30-a0-718-geaa24f58ff (webtiles) character file.

Game seed: 7803974161837791525

165 Ijustatesigmund the Magician (level 5, -1/14 (32) HPs)
             Began as a Deep Elf Reaver on Jan 25, 2023.
             Slain by an orc
             ... wielding a +3 mace
              (6 damage)
             ... on level 4 of the Dungeon.
             The game lasted 00:06:33 (3181 turns).

Ijustatesigmund the Magician (Deep Elf Reaver)      Turns: 3181, Time: 00:06:33

HP:   -1/14 (32)    AC:  7    Str:  9    XL:     5   Next: 22%
MP:   13/14         EV: 12    Int: 20    God:
Gold: 146           SH:  0    Dex: 13    Spells: 12/13 levels left

rFire   . . .      SeeInvis .    a - +1 short sword
rCold   . . .      Faith    .    (no shield)
rNeg    . . .      Spirit   .    b - +0 leather armour
rPois   .          Reflect  .    (no helmet)
rElec   .          Harm     .    (no cloak)
rCorr   .          Rampage  .    g - +1 pair of gloves
Will    .....                    d - +1 pair of boots
Stlth   +                        c - amulet of the acrobat
HPRegen 0.22/turn                h - ring of flight
MPRegen 0.14/turn                (no ring)

@: flying, extremely drained
A: no striking features
a: no special abilities


You were on level 4 of the Dungeon.
You visited 1 branch of the dungeon, and saw 4 of its levels.

You collected 146 gold pieces.

Inventory:

Hand Weapons
 a - a +1 short sword (weapon)
 l - a +0 sling
Armour
 b - a +0 leather armour (worn)
 d - a +1 pair of boots (worn)
 g - a +1 pair of gloves (worn)
Magical Staves
 n - a staff of conjuration
Jewellery
 c - an amulet of the acrobat (around neck)
 h - a ring of flight (left hand)
Scrolls
 k - a scroll of teleportation
 m - a scroll of enchant armour
 o - a scroll of immolation {unknown}
Potions
 e - 3 potions of heal wounds
 f - 2 potions of berserk rage {unknown}
 i - a potion of curing
 j - a potion of might


   Skills:
 - Level 2.8 Fighting
 - Level 3.0 Short Blades
 + Level 1.0 Ranged Weapons
 - Level 2.4 Dodging
 + Level 4.8 Spellcasting
 - Level 3.8 Conjurations
 + Level 2.5 Necromancy


You had 12 spell levels left.
You knew the following spells:

 Your Spells              Type           Power      Damage    Failure   Level
a - Kiss of Death         Conj/Necr      68%        2d10      4%          1

Your spell library contained the following spells:

 Spells                   Type           Power      Damage    Failure   Level
 Momentum Strike          Conj/Tloc      24%        3d8       12%         2
 Cigotuvi's Dreadful Rot  Necr/Pois/Air  16%        N/A       19%         2
 Hailstorm                Conj/Ice       12%        3d5       22%         3
 Inner Flame              Hex/Fire       4%         N/A       45%         3
 Dispel Undead            Necr           14%        3d10      52%         4
 Flame Wave               Conj/Fire      12%        2d6       58%         4
 Sticky Flame             Conj/Fire      12%        2d4       58%         4
 Death Channel            Necr           7%         N/A       100%        6


Dungeon Overview and Level Annotations

Branches:
Dungeon (4/15)
 Temple: D:4-7

Altars:
Gozag
Nemelex Xobeh

Shops:
D:2 *

Annotations:
D:3 Terence


Message History

The scorpion stings you but does no damage.
The orc barely misses you.
You hit the scorpion.
You punch the scorpion, but do no damage.
The scorpion is severely wounded.
The scorpion stings you but does no damage.
You hit the scorpion.
The scorpion is severely wounded.
The orc barely misses you. The scorpion misses you.
You closely miss the scorpion.
The scorpion is severely wounded.
The orc misses you. The orc barely misses you. The scorpion stings you.
You are poisoned.
The scorpion poisons you!
You hit the scorpion.
The scorpion is almost dead.
You feel sick. The orc hits you with a +3 mace. The orc closely misses you.
The scorpion barely misses you.
You hit the scorpion.
The scorpion is almost dead.
You feel sick. The scorpion closely misses you. The orc barely misses you. x2
You feel better. The scorpion closely misses you. The orc barely misses you.
The orc hits you with a +3 mace.
You hit the scorpion but do no damage.
The scorpion is almost dead.
The scorpion stings you but does no damage.
The orc hits you with a +3 mace. The orc hits you but does no damage.
You barely miss the scorpion.
The scorpion is almost dead.
The scorpion stings you.
* * * LOW HITPOINT WARNING * * *
Casting: Kiss of Death (safe; 4% risk of failure)
Confirm with . or Enter, or press ? or * to list all spells.
Aiming: Kiss of Death (safe; 4% risk of failure)
Press: ? - help, Shift-Dir - straight line, f/p - scorpion
Aim: a scorpion (almost dead, lightly drained, 100% to hit)
The negative energy hits the scorpion!
The scorpion is drained!
You kill the scorpion!
You feel drained. The orc hits you with a +3 mace.
You die...

#. .. #.###. ##.
#.... .#.. ##...
#.... #...###.....
#.<........ ##
##........##
##..#....†......
#.......@##...##
##......oow#.....
#......#..........
......##.##.....##
#..........?...#..
##..............#
#.[...........##
##.......##.....
...(...... ....#


You could see a dart slug and 2 orcs.

Vanquished Creatures
  A scorpion (D:4)
  A hound (D:3)
  Jessica (D:2)
  3 adders
  3 worms
  3 dart slugs
  7 orcs (D:3)
  5 endoplasms
  3 giant cockroaches (D:2)
  7 goblins
  5 hobgoblins
  5 kobolds
  A quokka (D:2)
  7 ball pythons
  4 bats
  4 frilled lizards
60 creatures vanquished.

Vanquished Creatures (others)
  2 fungi (D:3)
  3 toadstools (D:3)
5 creatures vanquished.

Grand Total: 65 creatures vanquished

Notes
Turn   | Place    | Note
-------+----------+-------------------------------------------
     0 | D:1      | Ijustatesigmund the Deep Elf Reaver began the quest for the
                  | Orb.
     0 | D:1      | Reached XP level 1. HP: 12/12 MP: 6/6
   306 | D:1      | Reached XP level 2. HP: 17/17 MP: 8/8
   747 | D:2      | Reached XP level 3. HP: 4/19 MP: 8/10
  1149 | D:2      | Noticed Jessica
  1151 | D:2      | Killed Jessica
  1152 | D:2      | Reached skill level 4 in Spellcasting
  1152 | D:2      | Reached skill level 1 in Necromancy
  1341 | D:2      | Reached XP level 4. HP: 24/25 MP: 12/12
  1681 | D:2      | Found Kuysseze's General Store.
  2414 | D:3      | Found an opulent altar of Gozag.
  2414 | D:3      | Found a sparkling altar of Nemelex Xobeh.
  2496 | D:3      | Reached XP level 5. HP: 24/27 MP: 14/14
  2925 | D:3      | Reached skill level 1 in Ranged Weapons
  3133 | D:3      | Noticed Terence
  3181 | D:4      | Slain by an orc

Illustrated notes

Levels and vault maps discovered:
D:1:      dpeg_arrival_houses_and_road, layout_basic, minmay_misc_feat_cross
D:2:      layout_loops_corners, serial_shops, shop, uniq_jessica
D:3:      layout_loops_ring, grunt_temple_overflow_opulence,
          general_overflow_altar, minmay_gold_behind_fungi, minmay_cupped,
          uniq_terence
D:4:      layout_cave_pools, uniq_eustachio, uniq_pikel

Skill      XL: |  1  2  3  4  5 |
---------------+----------------+-----
Fighting       | 2 |  2.8
Spellcasting   | 4 |  4.8
Necromancy     | 1 2 |  2.5
Ranged Weapons | 1 |  1.0
Short Blades   | |  3.0
Dodging        | |  2.4
Conjurations   | |  3.8

Action                     |  1- 3 |  4- 6 || total
---------------------------+-------+-------++-------
  Melee: Short sword       |   121 |   186 ||   307
         Punch             |     2 |     3 ||     5
   Cast: Kiss of Death     |     2 |     5 ||     7
    Use: Scroll            |     2 |     6 ||     8
         Potion            |       |     1 ||     1
 Armour: Leather armour    |    26 |    39 ||    65
  Dodge: Dodged            |    73 |   118 ||   191

Table legend: (Time is in decaauts)
 A = Elapsed time spent in this place.
 B = Non-inter-level travel time spent in this place.
 C = Inter-level travel time spent in this place.
 D = Time resting spent in this place.
 E = Time spent auto-exploring this place.
 F = Levels seen in this place.
 G = Mean time per level.
                   A        B        C        D        E       F      G
               +--------+--------+--------+--------+--------+-----+--------+
         Total |   3135 |   3042 |     93 |    906 |   1547 |   4 |  783.8 |
       Dungeon |   3135 |   3042 |     93 |    906 |   1547 |   4 |  783.8 |
               +--------+--------+--------+--------+--------+-----+--------+

Top non-repeatable levels by time:
     D:2: 1471 daAuts
     D:3: 950 daAuts
     D:1: 689 daAuts
     D:4: 23 daAuts
